 Dungeon Crawl Stone Soup version 0.29-a0-517-gbdf32494f2 (webtiles) character file.

Game seed: 6949585252998710820

217 hquester1 the Skirmisher (level 5, -1/54 HPs)
             Began as a Troll Fighter on May 30, 2022.
             Slain by purpskrrrp's ghost (6 damage)
             ... on level 3 of the Dungeon.
             The game lasted 00:07:38 (2189 turns).

hquester1 the Skirmisher (Troll Fighter)            Turns: 2189, Time: 00:07:39

Health: -1/54      AC:  4    Str: 24    XL:     5   Next: 62%
Magic:  4/4        EV: 10    Int:  4    God:
Gold:   144        SH:  9    Dex: 17    Spells: 4/4 levels left

rFire   + + .      SeeInvis .   r - +6 mace of Pef Aroi {pain, rPois rF++ Will-}
rCold   . . .      Faith    .   c - +0 kite shield
rNeg    . . .      Spirit   .   b - +0 robe
rPois   +          Reflect  .   (helmet restricted)
rElec   .          Harm     .   (no cloak)
rCorr   .          Rampage  .   (gloves unavailable)
Will    .....                   (boots unavailable)
Stlth   ++........              (no amulet)
HPRegen 0.98/turn               u - +6 ring of dexterity
MPRegen 0.09/turn               (no ring)

@: no status effects
A: large, unfitting armour, claws 3, regeneration 1, shaggy fur 1, tough skin 1
a: no special abilities


You were on level 3 of the Dungeon.
You visited 1 branch of the dungeon, and saw 3 of its levels.

You collected 144 gold pieces.

Inventory:

Hand Weapons
 a - a +0 flail
 g - a +0 mace of draining
 r - the +6 mace of Pef Aroi (weapon) {pain, rPois rF++ Will-}
   (You found it on level 3 of the Dungeon)

   In the hands of one skilled in necromantic magic, it inflicts extra damage on
   living creatures.
   rF:        It greatly protects you from fire.
   rPois:     It protects you from poison.
   Will:      It decreases your willpower.
Armour
 b - a +0 robe (worn)
 c - a +0 kite shield (worn)
Jewellery
 n - a ring of magical power
 u - a +6 ring of dexterity (left claw)
Scrolls
 e - a scroll of silence {unknown}
 f - 2 scrolls of immolation {unknown}
 h - 2 scrolls of noise {unknown}
 i - 2 scrolls of identify
 j - a scroll of vulnerability {unknown}
 m - a scroll of fog {unknown}
 p - a scroll of fear {unknown}
 s - a scroll of blinking {unknown}
 t - a scroll of teleportation {unknown}
Potions
 d - a potion of might
 k - a potion of cancellation {unknown}
 l - 2 potions of curing
 o - 2 potions of attraction {unknown}
 q - 5 potions of heal wounds {unknown}


   Skills:
 * Level 3.8 Fighting
 + Level 2.8 Maces & Flails
 + Level 3.2 Dodging
 + Level 3.5 Shields


You had 4 spell levels left.
You didn't know any spells.
Your spell library contained the following spells:

 Spells                   Type           Power      Damage    Failure   Level
 Sublimation of Blood     Necr           0%         N/A       90%         2
 Wereblood                Tmut           0%         N/A       90%         2
 Summon Hydra             Summ           0%         N/A       100%        7


Dungeon Overview and Level Annotations

Branches:
Dungeon (3/15)

Altars:
Xom
Zin

Annotations:
D:3 purpskrrrp's ghost, amateur GrGl


Innate Abilities, Weirdness & Mutations

You are too large for most types of armour.
You have claws for hands.
Your natural rate of healing is unusually fast.
You are covered in fur. (AC +1)
You have tough skin. (AC +1)


Message History

Purpskrrrp's ghost attacks as you move away!
You block purpskrrrp's ghost's attack.
There is a transporter here.
You enter the transporter and appear at another place.
Purpskrrrp's ghost hits you!
You hit purpskrrrp's ghost.
Purpskrrrp's ghost is lightly damaged.
Purpskrrrp's ghost hits you.
As you read the scroll labelled XUANKU YHOCY, it crumbles to dust.
It is a scroll of identify.
l - 2 potions of curing Purpskrrrp's ghost hits you.
You hit purpskrrrp's ghost but do no damage.
Purpskrrrp's ghost is lightly damaged.
Purpskrrrp's ghost hits you.
* * * LOW HITPOINT WARNING * * *
You block purpskrrrp's ghost's attack.
You hit purpskrrrp's ghost.
Purpskrrrp's ghost is moderately damaged.
Purpskrrrp's ghost hits you.
* * * LOW HITPOINT WARNING * * *
You hit purpskrrrp's ghost.
Purpskrrrp's ghost is heavily damaged.
You block purpskrrrp's ghost's attack. Purpskrrrp's ghost hits you!
* * * LOW HITPOINT WARNING * * *
You barely miss purpskrrrp's ghost.
Purpskrrrp's ghost is heavily damaged.
Purpskrrrp's ghost hits you.
* * * LOW HITPOINT WARNING * * *
You hit purpskrrrp's ghost.
Purpskrrrp's ghost is heavily damaged.
Purpskrrrp's ghost barely misses you.
You barely miss purpskrrrp's ghost.
Purpskrrrp's ghost is heavily damaged.
You block purpskrrrp's ghost's attack. Purpskrrrp's ghost hits you.
* * * LOW HITPOINT WARNING * * *
You miss purpskrrrp's ghost.
Purpskrrrp's ghost is heavily damaged.
Purpskrrrp's ghost hits you.
You die...

# ##.#.########.........###...##
###.............#..#...........##
....<#.########.......###.......#
####.#.# #####..#####.##..<.... #
##.#.# #.....##..©...#......#
###....# #.##.##....#..##.....#
##..#..## #.##.#...#...#.#......
##)###..# #.##.##..##.#..#.....#
##..#...####.#.W@#.#...#.##...###
.>#.............##.....#.#(...#
..#####.####.##.#...#©..:#©..##
..# #.# #.##.#.#...#..#...####
..# #.# #.##.##.#.....##......
..# #.# #.##..#...#.#..#.#####
#######.# #.....#...#.#..#.#
........# #####.#.......##.#####
######### #.###...###..#....


You could see purpskrrrp's ghost.

Vanquished Creatures
  3 quasits (D:3)
  Terence (D:2)
  3 adders
  2 worms (D:2)
  2 dart slugs
  6 bats
  4 endoplasms
  2 giant cockroaches
  6 goblins (D:1)
  4 hobgoblins
  7 jackals
  7 kobolds
  2 quokkas (D:1)
  3 ball pythons (D:2)
  5 frilled lizards
  4 rats
61 creatures vanquished.

Notes
Turn   | Place    | Note
-------+----------+-------------------------------------------
     0 | D:1      | hquester1 the Troll Fighter began the quest for the Orb.
     0 | D:1      | Reached XP level 1. HP: 22/22 MP: 0/0
   106 | D:1      | Reached XP level 2. HP: 29/29 MP: 1/1
   411 | D:1      | Reached XP level 3. HP: 36/36 MP: 2/2
   708 | D:2      | Noticed Terence
   723 | D:2      | Killed Terence
   747 | D:2      | Reached XP level 4. HP: 45/45 MP: 3/3
  1357 | D:3      | Found a transporter.
  1361 | D:3      | Noticed purpskrrrp's ghost (amateur GrGl)
  1383 | D:3      | Found a transporter.
  1384 | D:3      | Identified the +6 mace of Pef Aroi {pain, rPois rF++ Will-}
  1631 | D:3      | Found a glowing silver altar of Zin.
  1632 | D:3      | Noticed an angel
  1634 | D:3      | Found a shimmering altar of Xom.
  2133 | D:3      | Reached XP level 5. HP: 53/53 MP: 4/4
  2189 | D:3      | Slain by purpskrrrp's ghost

Illustrated notes

Levels and vault maps discovered:
D:1:      shiori_arrival_oz, layout_rooms
D:2:      layout_basic, uniq_terence
D:3:      layout_loops_ring, grunt_temple_overflow_order_and_chaos_1,
          gammafunk_ghost_stat_death, kennysheep_pointless_box,
          patterned_corridor

Skill      XL: |  1  2  3  4 |
---------------+-------------+-----
Maces & Flails | 2 |  2.8
Shields        | 3 |  3.5
Fighting       | 3 |  3.8
Dodging        | 3 |  3.2

Action                   |  1- 3 |  4- 6 || total
-------------------------+-------+-------++-------
Melee: Flail             |    30 |       ||    30
       Mace              |    63 |   109 ||   172
  Use: Scroll            |       |     1 ||     1
Armor: Robe              |    34 |    51 ||    85
Dodge: Dodged            |    35 |    63 ||    98
Block: Kite shield       |    35 |    69 ||   104

Table legend: (Time is in decaauts)
 A = Elapsed time spent in this place.
 B = Non-inter-level travel time spent in this place.
 C = Inter-level travel time spent in this place.
 D = Time resting spent in this place.
 E = Time spent auto-exploring this place.
 F = Levels seen in this place.
 G = Mean time per level.
                   A        B        C        D        E       F      G
               +--------+--------+--------+--------+--------+-----+--------+
         Total |   2271 |   2184 |     87 |      2 |   1407 |   3 |  757.0 |
       Dungeon |   2271 |   2184 |     87 |      2 |   1407 |   3 |  757.0 |
               +--------+--------+--------+--------+--------+-----+--------+

Top non-repeatable levels by time:
     D:3: 869 daAuts
     D:2: 765 daAuts
     D:1: 636 daAuts
